 Dungeon Crawl Stone Soup version 0.30.1-9-gdf580d7c3d (webtiles) character file.

Game seed: 10542450156965266195

177 lonewolfV2 the Covered (level 5, -3/41 HPs)
             Began as a Demonspawn Fighter on Oct 26, 2023.
             Killed by nerve-wracking pain
             ... invoked by an orc priest
              (12 damage)
             ... on level 3 of the Dungeon.
             The game lasted 00:02:24 (1809 turns).

lonewolfV2 the Covered (Demonspawn Fighter)         Turns: 1809, Time: 00:02:24

Health: -3/41      AC:  9    Str: 18    XL:     5   Next: 30%
Magic:  5/5        EV: 10    Int:  9    God:
Gold:   125        SH:  4    Dex: 13    Spells: 4/4 levels left

rFire   . . .        a - +0 war axe
rCold   . . .        c - +0 buckler
rNeg    . . .        b - +0 scale mail
rPois   .            (no helmet)
rElec   .            (no cloak)
rCorr   .            (no gloves)
SInv    +            (no boots)
Will    .....        (no amulet) Stlth
                     l - ring of see invisible
HPRegen 0.26/turn    h - ring of flight
MPRegen 0.18/turn

%: no passive effects
@: flying
A: icy blue scales 1, magic regeneration
a: no special abilities


You were on level 3 of the Dungeon.
You visited 1 branch of the dungeon, and saw 4 of its levels.

You collected 125 gold pieces.

Inventory:

Hand Weapons
 a - a +0 war axe (weapon)
Armour
 b - a +0 scale mail (worn)
 c - a +0 buckler (worn)
Jewellery
 g - a ring of wizardry
 h - a ring of flight (right hand)
 i - a ring of fire
 l - a ring of see invisible (left hand)
Wands
 j - a wand of paralysis (12)
Scrolls
 e - a scroll of identify
Potions
 d - a potion of might
 f - a potion of heal wounds
 k - a potion of haste {unknown}
 m - a potion of attraction {unknown}
 n - a potion of curing {unknown}


   Skills:
 - Level 3.0 Fighting
 - Level 1.7 Axes
 + Level 3.8 Armour
 * Level 3.7 Dodging
 - Level 2.6 Shields


You had 4 spell levels left.
You didn't know any spells.
Your spell library contained the following spells:

 Spells                   Type           Power      Damage    Failure   Level
 Kiss of Death            Conj/Necr      0%         2d5       85%         1
 Magic Dart               Conj           0%         1d3       85%         1
 Call Imp                 Summ           0%         N/A       94%         2
 Confusing Touch          Hex            0%         N/A       99%         3
 Mephitic Cloud           Conj/Pois/Air  0%         N/A       99%         3
 Dispel Undead            Necr           0%         3d6       100%        4


Dungeon Overview and Level Annotations

Branches:
Dungeon (4/15)
 Temple: D:4-7

Altars:


Innate Abilities, Weirdness & Mutations

You are partially covered in icy blue scales. (AC +2)
You regenerate magic rapidly.


Message History

You kill the orc!
You barely miss the orc priest. The orc priest closely misses you.
The orc priest hits you with a +0 mace.
You completely miss the orc priest. The orc priest closely misses you.
You completely miss the orc priest. The orc priest closely misses you.
The orc priest miscasts a cantrip.
You hit the orc priest but do no damage.
The orc priest hits you but does no damage.
You slash the orc priest!
The orc priest is heavily wounded.
The orc priest hits you but does no damage.
The orc priest hits you with a +0 mace.
You hit the orc priest but do no damage.
The orc priest is heavily wounded.
The orc priest hits you with a +0 mace!
You barely miss the orc priest.
The orc priest is heavily wounded.
The orc priest invokes the aid of Beogh against you.
Pain shoots through your body!
* * * LOW HITPOINT WARNING * * *
You hit the orc priest.
The orc priest is almost dead.
The orc priest hits you with a +0 mace.
* * * LOW HITPOINT WARNING * * *
You block the orc priest's attack.
You hit the orc priest but do no damage.
The orc priest is almost dead.
The orc priest barely misses you.
You hit the orc priest but do no damage.
The orc priest is almost dead.
The orc priest miscasts a cantrip.
The orc priest looks satisfied for a moment.
You hit the orc priest but do no damage.
The orc priest is almost dead.
The orc priest closely misses you.
You hit the orc priest but do no damage.
The orc priest is almost dead.
The orc priest mumbles some strange prayers to Beogh against you.
Pain shoots through your body!
You die...

#.##..#.### #.#
#.##......# ..
#.# ........#.#
.. #.#
#########.# #.
##.## # #$###
#...# ...# #..##
.o# #.## ######
#o#######.#
.....#
.#.####@##......#
.....###
...........######
#......#
##.##.#.####
##.....# #.#.#
†......# . ..#
)....### ##.###
.....# #. .....#
. .....# #.


You could see an orc priest and an orc.

Vanquished Creatures
  A howler monkey (D:4)
  An orc priest (D:3)
  An orc wizard (D:4)
  3 adders
  4 dart slugs (D:1)
  5 orcs
  3 bats (D:1)
  4 endoplasms
  A giant cockroach (D:1)
  5 hobgoblins
  3 quokkas
  7 ball pythons
  4 goblins
  3 kobolds (D:1)
  3 rats
48 creatures vanquished.

Notes
Turn   | Place    | Note
-------+----------+-------------------------------------------
     0 | D:1      | lonewolfV2 the Demonspawn Fighter began the quest for the
                  | Orb.
     0 | D:1      | Reached XP level 1. HP: 18/18 MP: 1/1
   169 | D:1      | Reached skill level 1 in Dodging
   180 | D:1      | Gained mutation: You regenerate magic rapidly. [demonic
                  | ancestry]
   180 | D:1      | Reached XP level 2. HP: 24/24 MP: 2/2
   414 | D:1      | Reached XP level 3. HP: 29/29 MP: 3/3
   898 | D:2      | You fall into a shaft and drop 2 floors!
   966 | D:4      | Reached XP level 4. HP: 3/35 MP: 4/4
  1597 | D:3      | Gained mutation: You are partially covered in icy blue
                  | scales. (AC +2) [demonic ancestry]
  1597 | D:3      | Reached XP level 5. HP: 30/41 MP: 5/5
  1809 | D:3      | Killed from afar by an orc priest

Illustrated notes

Levels and vault maps discovered:
D:1:      sevenhm_arrival_forest_fort_small_5, layout_basic, minmay_pentomino_p2
D:2:      layout_basic
D:3:      layout_loops_cross, nicolae_ru_the_path_less_chosen,
          hangedman_decor_points, uniq_jessica
D:4:      layout_basic, serial_glass, glass_columns_a, glass_columns_c,
          glass_columns_c, glass_columns_b, glass_columns_b, glass_columns_c

Skill      XL: |  1  2  3  4 |
---------------+-------------+-----
Dodging        | 1 2 3 |  3.7
Armour         | 3 |  3.8
Fighting       | |  3.0
Axes           | |  1.7
Shields        | |  2.6

Action                     |  1- 3 |  4- 6 || total
---------------------------+-------+-------++-------
  Melee: War axe           |    88 |    68 ||   156
    Use: Scroll            |     1 |       ||     1
 Armour: Scale mail        |    53 |    34 ||    87
  Dodge: Dodged            |    54 |    39 ||    93
  Block: Buckler           |    24 |    22 ||    46
